 Dungeon Crawl Stone Soup version 0.28-a0-1510-gd0f6b136d3 (webtiles) character file.

Game seed: 15210743861694117249

28 ders the Skirmisher (level 3, -14/33 HPs)
             Began as a Minotaur Berserker on Jan 14, 2022.
             Was a Follower of Trog.
             Killed by an exploding worm (36 damage)
             ... ignited by their inner flame
             ... on level 3 of the Dungeon.
             The game lasted 00:01:13 (1773 turns).

ders the Skirmisher (Minotaur Berserker)            Turns: 1773, Time: 00:01:14

Health: -14/33     AC:  3    Str: 23    XL:     3   Next: 0%
Magic:  2/2        EV: 12    Int:  4    God:    Trog [*.....]
Gold:   39         SH:  0    Dex:  9    Spells: 2/2 levels left

rFire   . . .      SeeInvis .   a - +0 hand axe
rCold   . . .      Faith    .   (no shield)
rNeg    . . .      Spirit   .   b - +1 animal skin
rPois   .          Reflect  .   (helmet restricted)
rElec   .          Harm     .   (no cloak)
rCorr   .          Rampage  .   (no gloves)
Will    .....                   (no boots)
Stlth   +.........              (no amulet)
HPRegen 0.11/turn               (no ring)
MPRegen 0.08/turn               (no ring)

@: no status effects
A: horns 2, retaliatory headbutt
a: Renounce Religion, Berserk


You were on level 3 of the Dungeon.
You worshipped Trog.
Trog was aware of your devotion.
You visited 1 branch of the dungeon, and saw 3 of its levels.

You collected 39 gold pieces.

Inventory:

Hand Weapons
 a - a +0 hand axe (weapon)
Armour
 b - a +1 animal skin (worn)
Scrolls
 c - 4 scrolls of identify {unknown}
 f - a scroll of immolation
 i - a scroll of brand weapon {unknown}
 j - a scroll of enchant weapon {unknown}
Potions
 k - a potion of berserk rage {unknown}


   Skills:
 + Level 4.1 Fighting
 + Level 4.0 Axes
 + Level 3.0 Armour
 + Level 2.7 Dodging


You had 2 spell levels left.
You didn't know any spells.
Your spell library was empty.

Dungeon Overview and Level Annotations

Branches:
Dungeon (3/15)

Altars:


Innate Abilities, Weirdness & Mutations

You have a pair of horns on your head.
You reflexively headbutt those who attack you in melee.


Message History

You feel aware of your surroundings.
You sensed 1 shop/portal.
It was a scroll of magic mapping.
As you read the scroll labelled DADASIE FASMOE, it crumbles to dust.
It is a scroll of enchant armour.
Your +0 animal skin glows green for a moment.
As you read the scroll labelled XAOPPO PEMNEU, it crumbles to dust.
The creatures around you are filled with an inner flame!
It was a scroll of immolation.
As you read the scroll labelled SUMURU WARE, it crumbles to dust.
It is a scroll of amnesia.
You feel forgetful for a moment.
As you read the scroll labelled YRUSAPLAUCK, it crumbles to dust.
The scroll dissolves into smoke.
It was a scroll of fog.
You barely miss the worm. You hit the worm.
Flame seeps out of the worm. x2; You headbutt the worm.
The worm is moderately wounded.
The worm bites you.
You hit the worm but do no damage.
The worm is moderately wounded.
The worm bites you!
You hit the worm.
Flame seeps out of the worm.
The worm is moderately wounded.
You hit the worm but do no damage.
Flame seeps out of the worm.
You headbutt the worm.
The worm is severely wounded.
The worm bites you but does no damage.
You hit the worm.
Flame seeps out of the worm.
The worm is severely wounded.
The worm bites you but does no damage.
You hit the worm.
Flame seeps out of the worm.
The worm is almost dead.
You hit the worm but do no damage.
The worm is almost dead.
The worm completely misses you.
You hit the worm but do no damage. You headbutt the worm.
Trog accepts your kill.
The worm explodes!
The fiery explosion engulfs you!!!
Ouch! That really hurt!
You die...

*,#.#.*..#,*,*,*,*,* *
*,#.#.*..#,*,*,*,*,* *
********,#.#.*..#,*,*,*,*,****
*,,,,,,,,#...,..,,,,.,,,,,,,,,
*,*******#..§#.####.#,,,,*****
*,****####.§§.§§.....,,,,**
*,,,,,.....§§.§......,,,,,****
**********,*#§§...#,**,,,,,,,,
*,*#@###.#,**,,,,,***
*,*#.§§,,*,***,,,** *
*,*###§*,*,**8,,,8* * *,*
*.#,*,***,,,**** *,* *,#,*,*
*,,,**⌠* ******** *,*
*,*,*,***,,,,,,, ,,,,,,,* *,*
*,*,*,**8,,,,,,, ,,,,,,,* *,*
*,*,*,***,,,,,,,
,,,,,,,******,* *,*,*,*
**8***8*


There were no monsters in sight!

Vanquished Creatures
  A worm (D:3)
  A dart slug (D:2)
  4 bats
  An endoplasm (D:1)
  2 goblins (D:2)
  4 jackals (D:1)
  2 quokkas
  4 ball pythons
  2 frilled lizards
  A kobold (D:1)
  4 rats
26 creatures vanquished.

Vanquished Creatures (others)
  A fungus (D:1)
  A plant (D:1)
2 creatures vanquished.

Grand Total: 28 creatures vanquished

Notes
Turn   | Place    | Note
-------+----------+-------------------------------------------
     0 | D:1      | ders the Minotaur Berserker began the quest for the Orb.
     0 | D:1      | Reached XP level 1. HP: 19/19 MP: 0/0
   172 | D:1      | Found a faded altar of an unknown god.
   183 | D:1      | Reached XP level 2. HP: 20/27 MP: 1/1
  1730 | D:2      | Reached XP level 3. HP: 33/33 MP: 2/2
  1773 | D:3      | Killed by an exploding worm... ignited by their inner flame

Illustrated notes

Levels and vault maps discovered:
D:1:      minmay_arrival_split_and_join, layout_loops_ring,
          dreamdust_ecumenical_altar_grove, kennysheep_nondescript
D:2:      layout_loops_ring
D:3:      layout_basic, portal_sewer_entry_d, corexii_hall_statues_u

Skill      XL: |  1  2 |
---------------+-------+-----
Fighting       | 4 |  4.1
Axes           | 4 |  4.0
Armour         | 3 |  3.0
Dodging        | |  2.7

Action                   || total
-------------------------++-------
Melee: Hand axe          ||    48
       Headbutt          ||     8
       Punch             ||     1
Invok: Berserk           ||     1
  Use: Scroll            ||     5
Armor: Animal skin       ||    13
Dodge: Dodged            ||    38

Table legend: (Time is in decaauts)
 A = Elapsed time spent in this place.
 B = Non-inter-level travel time spent in this place.
 C = Inter-level travel time spent in this place.
 D = Time resting spent in this place.
 E = Time spent auto-exploring this place.
 F = Levels seen in this place.
 G = Mean time per level.
                   A        B        C        D        E       F      G
               +--------+--------+--------+--------+--------+-----+--------+
         Total |   1790 |   1754 |     36 |    147 |   1467 |   3 |  596.7 |
       Dungeon |   1790 |   1754 |     36 |    147 |   1467 |   3 |  596.7 |
               +--------+--------+--------+--------+--------+-----+--------+

Top non-repeatable levels by time:
     D:1: 1029 daAuts
     D:2: 746 daAuts
     D:3: 15 daAuts
